 Dungeon Crawl Stone Soup version 0.32-a0-306-gfed3edf829 (webtiles) character file.

Game seed: 10225226991277292198

2045 Hubris850 the Apothecary (level 9, 0/55 HPs)
             Began as a Black Draconian Alchemist on Feb 14, 2024.
             Was a Priest of Hepliaklqana.
             Slain by an unseen horror (6 damage)
             ... on level 7 of the Dungeon.
             The game lasted 00:20:22 (5374 turns).

Hubris850 the Apothecary (DrAl)                     Turns: 5374, Time: 00:20:22

Health: 0/55       AC:  8    Str: 11    XL:     9   Next: 4%
Magic:  18/18      EV: 13    Int: 21    God:    Hepliaklqana [***...]
Gold:   363        SH:  0    Dex: 14    Spells: 10/20 levels left

rFire   + + .        v - +9 flail of Sulphur {flame, rF+ Int+4}
rCold   . . .        (no shield)
rNeg    . . .        (body armour unavailable)
rPois   .            (helmet restricted)
rElec   +            p - +0 cloak
rCorr   .            (no gloves)
SInv    .            (no boots)
Will    .....        (no amulet)
Stlth   ++           x - ring of protection from fire
HPRegen 0.29/turn    (no ring)
MPRegen 0.16/turn

%: no passive effects
@: marked
A: reduced essence, breathe lightning, AC +7, unfitting armour, electricity
resistance, cold-blooded
a: Breathe Lightning, Renounce Religion, Recall Ancestor, Ancestor Identity,
Transference


You were on level 7 of the Dungeon.
You worshipped Hepliaklqana.
Hepliaklqana was most pleased with you.
You visited 1 branch of the dungeon, and saw 7 of its levels.

You collected 363 gold pieces.

Inventory:

Hand Weapons
 f - a +2 dagger of electrocution
 v - the +9 flail of Sulphur (weapon) {flame, rF+ Int+4}
   (You found it on level 5 of the Dungeon)

   Int+4:     It affects your intelligence (+4).
   rF+:       It protects you from fire.
 B - a +4 quarterstaff of chaos
Missiles
 h - 5 poisoned darts
 k - 6 boomerangs
 r - 2 atropa-tipped darts
 E - a throwing net
Armour
 p - a +0 cloak (worn)
Magical Staves
 b - a staff of fire
 l - a staff of conjuration
Jewellery
 x - a ring of protection from fire (left hand)
 y - a +6 ring of dexterity
Talismans
 u - a maw talisman
Wands
 C - a wand of flame (15)
Scrolls
 c - 5 scrolls of identify {unknown}
 g - 5 scrolls of teleportation {unknown}
 j - 2 scrolls of revelation {unknown}
 m - 3 scrolls of immolation {unknown}
 o - 3 scrolls of poison {unknown}
 t - 2 scrolls of noise {unknown}
 w - a scroll of enchant armour {unknown}
 A - 2 scrolls of vulnerability {unknown}
Potions
 a - 4 potions of magic
 d - a potion of brilliance {unknown}
 e - 3 potions of resistance {unknown}
 i - a potion of mutation {unknown}
 n - a potion of might {unknown}
 q - 3 potions of curing {unknown}
 s - 2 potions of attraction {unknown}
 z - a potion of degeneration {unknown}
 D - a potion of heal wounds {unknown}


   Skills:
 - Level 1.3 Staves
 - Level 4.0 Dodging
 - Level 1.9 Stealth
 + Level 6.0 Spellcasting
 + Level 5.3 Conjurations
 + Level 3.2 Summonings
 + Level 7.0 Alchemy


You had 10 spell levels left.
You knew the following spells:

 Your Spells              Type           Power      Damage    Failure   Level
a - Sting                 Conj/Alch      100%       1d9       1%          1
b - Mercury Vapours       Alch/Air       42%        N/A       3%          2
c - Olgreb's Toxic Radia  Alch           35%        N/A       5%          4
d - Call Canine Familiar  Summ           20%        N/A       8%          3

Your spell library contained the following spells:

 Spells                   Type           Power      Damage    Failure   Level
 Summon Small Mammal      Summ           80%        N/A       2%          1
 Mephitic Cloud           Conj/Alch/Air  23%        N/A       5%          3
 Apportation              Tloc           12%        N/A       10%         1
 Jinxbite                 Hex            12%        N/A       14%         2
 Alistair's Intoxication  Alch           23%        N/A       16%         5
 Sticky Flame             Fire/Alch      21%        2d6       22%         4
 Summon Blazeheart Golem  Fire/Summ      13%        N/A       45%         4
 Animate Dead             Necr           6%         N/A       67%         4
 Borgnjor's Vile Clutch   Necr/Erth      3%         N/A       95%         5
 Death Channel            Necr           3%         N/A       100%        6


Dungeon Overview and Level Annotations

Branches:
Dungeon (7/15)
 Temple: D:4-7

Altars:
Ashenzari
Hepliaklqana
Kikubaaqudgha
The Shining One

Shops:
D:2 ?[   D:6 [


Innate Abilities, Weirdness & Mutations

Your life essence is reduced to manifest your ancestor. (-10% HP)
You can breathe wild blasts of lightning.
Your glossy black scales are hard. (AC +7)
You cannot fit into any form of body armour.
You are resistant to electric shocks. (rElec)
You are cold-blooded and may be slowed by cold attacks.


Message History

Reactivating autopickup.
A sky beast is nearby!
Podidira casts a spell at the sky beast.
The puff of frost hits the sky beast!
The sky beast barely misses you.
You sock the sky beast! You burn the sky beast.
You kill the sky beast!
Your Alchemy skill increases to level 7!
You have reached level 9!
Your experience leads to an increase in your attributes!
Your base attributes are Str 11, Int 17, Dex 12.
Increase (S)trength, (I)ntelligence, or (D)exterity?
You feel agile. x2; Your scales feel tougher.
Podidira remembers more of his old skill.
Magic restored.
a - 4 potions of magic (gained 2)
You see here a +0 robe.
A malevolent force fills the Dungeon...
With a horrendous wail, an alarm goes off!
A sentinel's mark forms upon you.
You hear a shout! x4; You hear a howl!
You hear a shout! x3; You hear a croak.
You hear a shout!
No target in view!
You start waiting.
Something hits you!
Deactivating autopickup; reactivate with Ctrl-A.
You start resting.
A centaur comes into view.
Something hits you.
The centaur wields a +0 orcbow.
The centaur shoots an arrow.
The arrow hits Podidira!
The centaur shoots an arrow.
The arrow hits you!
The centaur shoots an arrow.
The arrow hits you!
Podidira hits something with a +0 quarterstaff!
The centaur shoots an arrow.
The arrow hits you!
* * * LOW HITPOINT WARNING * * *
You swap places.
Something hits you.
* * * LOW HITPOINT WARNING * * *
A jelly comes into view.
Something hits you.
You die...
Hepliaklqana delivers you to your ancestors.

##.## #..# #
##.## #.
###..# #c
###...## #.
###[..### #J##
###...###
#...###...###.
#.R@..###...
#...###..#
#.##....#
#...###..#
#..##. ... ##.
.. . #####


You could see the friendly Podidira the battlemage and a jelly.

Vanquished Creatures
  A sky beast (D:7)
  2 ogres
  A phantom (D:6)
  A scorpion (D:5)
  A gnoll sergeant (D:6)
  A bombardier beetle (D:5)
  A quasit (D:6)
  4 hounds
  5 orc priests
  2 jellies
  A gnoll bouda (D:7)
  An iguana (D:6)
  2 orc wizards
  12 gnolls
  3 adders
  2 ufetubi (D:6)
  A ribbon worm (D:2)
  2 dart slugs
  6 orcs
  10 ball pythons
  2 bats (D:1)
  2 endoplasms
  A giant cockroach (D:2)
  3 goblins
  4 hobgoblins
  4 kobolds
  5 quokkas
  4 frilled lizards (D:1)
  A goblin zombie (D:6)
  A hobgoblin zombie (D:6)
  An orc skeleton (D:6)
  An orc zombie (D:6)
  5 rats
93 creatures vanquished.

Vanquished Creatures (collateral kills)
  An orc warrior (D:6)
  A sky beast (D:7)
  A gnoll sergeant (D:6)
  A scorpion (D:6)
  An orc priest (D:5)
  A jelly (D:6)
  A hound (D:6)
  Crazy Yiuf (D:6)
  3 orc wizards
  Natasha (thrice) (D:4)
  9 gnolls
  4 adders
  2 white imps (D:5)
  2 ufetubi (D:5)
  A ribbon worm (D:3)
  14 orcs
  2 ball pythons
  An endoplasm (D:4)
  4 giant cockroaches (D:4)
  A goblin (D:1)
  3 hobgoblins
  A quokka (D:2)
  A hobgoblin zombie (D:6)
  4 kobolds
  A kobold skeleton (D:6)
  A kobold zombie (D:6)
65 creatures vanquished.

Vanquished Creatures (others)
  A battlemage (D:5)
1 creature vanquished.

Grand Total: 159 creatures vanquished

Notes
Turn   | Place    | Note
-------+----------+-------------------------------------------
     0 | D:1      | Hubris850 the Draconian Alchemist began the quest for the
                  | Orb.
     0 | D:1      | Reached XP level 1. HP: 14/14 MP: 3/3
   130 | D:1      | Reached XP level 2. HP: 20/20 MP: 1/5
   631 | D:1      | Found a faded altar of an unknown god.
   768 | D:1      | Reached XP level 3. HP: 7/26 MP: 0/6
   960 | D:1      | Prayed at the altar of an unknown god.
   960 | D:1      | Became a worshipper of Hepliaklqana the Forgotten
   960 | D:1      | Reached * piety under Hepliaklqana
  1201 | D:2      | Reached skill level 1 in Staves
  1439 | D:2      | Learned a level 2 spell: Mercury Vapours
  1448 | D:2      | Reached XP level 4. HP: 29/29 MP: 4/7
  1779 | D:2      | Found Fekeiwog's Antique Armour Shoppe.
  1818 | D:2      | Found Lorriah's Magic Scroll Emporium.
  1936 | D:3      | Reached ** piety under Hepliaklqana
  1937 | D:3      | Remembered your ancestor Podidira as a battlemage
  2135 | D:3      | Found an ancient bone altar of Kikubaaqudgha.
  2627 | D:3      | Reached XP level 5. HP: 34/34 MP: 9/9
  2728 | D:3      | Learned a level 4 spell: Olgreb's Toxic Radiance
  3000 | D:4      | Noticed an ogre
  3006 | D:4      | Killed an ogre
  3007 | D:4      | Reached skill level 4 in Alchemy
  3007 | D:4      | Reached XP level 6. HP: 40/40 MP: 5/10
  3321 | D:4      | Noticed Natasha
  3323 | D:4      | Killed Natasha
  3326 | D:4      | Found the +4 robe of Augmentation {Str+4 Int+4 Dex+4}
  3345 | D:4      | Noticed Natasha
  3349 | D:4      | Killed Natasha
  3510 | D:4      | Noticed Natasha
  3514 | D:4      | Killed Natasha
  3522 | D:5      | Entered Level 5 of the Dungeon
  3540 | D:5      | Identified the +9 flail of Sulphur {flame, rF+ Int+4}
  3634 | D:5      | Your scales start taking on a glossy black colour.
  3634 | D:5      | Reached XP level 7. HP: 43/45 MP: 8/12
  3634 | D:5      | Gained mutation: You are resistant to electric shocks.
                  | (rElec) [Black Draconian growth]
  3702 | D:5      | Reached skill level 5 in Alchemy
  3877 | D:5      | Reached XP level 8. HP: 51/51 MP: 13/15
  4175 | D:6      | Found a glowing golden altar of the Shining One.
  4192 | D:6      | Reached skill level 5 in Spellcasting
  4192 | D:6      | Reached skill level 6 in Alchemy
  4206 | D:6      | Learned a level 3 spell: Call Canine Familiar
  4214 | D:6      | Found Foong's Armour Boutique.
  4218 | D:6      | Reached *** piety under Hepliaklqana
  4342 | D:6      | Reached skill level 1 in Summonings
  4433 | D:6      | Found a runed translucent door.
  4434 | D:6      | Noticed Crazy Yiuf
  4439 | D:6      | Killed Crazy Yiuf
  4612 | D:6      | Found a broken altar of Ashenzari.
  4831 | D:6      | Reached skill level 5 in Conjurations
  5309 | D:7      | Reached skill level 7 in Alchemy
  5309 | D:7      | Reached XP level 9. HP: 55/55 MP: 13/18
  5374 | D:7      | Slain by an unseen horror

Illustrated notes

Levels and vault maps discovered:
D:1:      mainiacjoe_arrival_reflecting_pool, layout_basic, serial_forest,
          infiniplex_forest_lined_3_way, infiniplex_forest_clump_double,
          infiniplex_forest_clump_C, infiniplex_forest_lined_room_,
          infiniplex_forest_lined_room_3, infiniplex_forest_corner_2,
          ebering_ecumenical_altar_sacrificial
D:2:      layout_basic, serial_shops, shop, nicolae_shop_real_fake_doors
D:3:      layout_basic, nicolae_overflow_hidden_temple
D:4:      layout_rooms, dk_noncrumbling_3, uniq_natasha
D:5:      minmay_spotlight, layout_cave_pools
D:6:      layout_basic, mainiacjoe_overflow_cross_hatched,
          nicolae_tso_besieged_by_evil, serial_shops, shop,
          uniq_crazy_yiuf_cottage
D:7:      minmay_the_grid_four_pointed_star
          [minmay_the_grid_triangle_9x9_negative_grid,
          minmay_the_grid_triangle_9x9_zippers_horizontal,
          minmay_the_grid_triangle_9x9_zippers_vertical,
          minmay_the_grid_triangle_9x9_impossible_snake,
          minmay_the_grid_prize_four_corners_diamond_b], layout_basic,
          minmay_temple_entry_statues_fountains

Skill      XL: |  1  2  3  4  5  6  7  8 |
---------------+-------------------------+-----
Dodging        | 2 3 4 |  4.0
Staves         | 1 |  1.3
Conjurations   | 2 3 4 5 |  5.3
Spellcasting   | 3 4 6 |  6.0
Alchemy        | 4 5 7 |  7.0
Summonings     | 3 |  3.2
Stealth        | |  1.9

Action                     |  1- 3 |  4- 6 |  7- 9 || total
---------------------------+-------+-------+-------++-------
  Melee: Unarmed           |     7 |       |       ||     7
         Staff             |     4 |       |       ||     4
         Dagger            |    18 |    52 |       ||    70
         Tailslap          |     1 |     8 |     5 ||    14
         Flail             |       |    11 |    57 ||    68
  Throw: Dart              |       |     2 |       ||     2
   Cast: Sting             |    43 |    20 |    22 ||    85
         Mercury Vapours   |     1 |     8 |     4 ||    13
         Olgreb's Toxic Ra |       |       |     4 ||     4
 Invoke: Ancestor Identity |     1 |       |       ||     1
         Ancestor Life: Ba |       |     1 |       ||     1
Ability: Breathe Lightning |       |       |     2 ||     2
   Stab: Sleeping          |     2 |     1 |     2 ||     5
         Distracted        |       |     1 |     2 ||     3
 Armour: Skin              |    29 |    46 |    61 ||   136
  Dodge: Dodged            |    31 |    51 |    52 ||   134

Table legend: (Time is in decaauts)
 A = Elapsed time spent in this place.
 B = Non-inter-level travel time spent in this place.
 C = Inter-level travel time spent in this place.
 D = Time resting spent in this place.
 E = Time spent auto-exploring this place.
 F = Levels seen in this place.
 G = Mean time per level.
                   A        B        C        D        E       F      G
               +--------+--------+--------+--------+--------+-----+--------+
         Total |   5397 |   5134 |    263 |    325 |   3964 |   7 |  771.0 |
       Dungeon |   5397 |   5134 |    263 |    325 |   3964 |   7 |  771.0 |
               +--------+--------+--------+--------+--------+-----+--------+

Top non-repeatable levels by time:
     D:1: 1193 daAuts
     D:6: 1087 daAuts
     D:3: 913 daAuts
     D:4: 745 daAuts
     D:2: 667 daAuts
     D:5: 651 daAuts
     D:7: 137 daAuts
